 Dungeon Crawl Stone Soup version 0.28.0-53-g5a82cb258f (webtiles) character file.

Game seed: 2408641830446843726

282011 Plasmagod the Impaler (level 20, -6/165 (193) HPs)
             Began as a Gargoyle Fighter on July 27, 2022.
             Was the Champion of Ru.
             Mangled by a peacekeeper (14 damage)
             ... in a wizard's laboratory.
             The game lasted 03:04:08 (40478 turns).

Plasmagod the Impaler (Gargoyle Fighter)           Turns: 40478, Time: 03:04:08

HP:   -6/165 (193)  AC: 28    Str: 36    XL:     20   Next: 52%
MP:   9/35          EV:  2    Int: 11    God:    Ru [******]
Gold: 2229          SH:  0    Dex: 11    Spells: 32/41 levels left

rFire   + + .      SeeInvis .   q - +4 trident of Omuastrez {venom, rPois rF+ rC+ Dex+2}
rCold   . . .      Faith    .   k - +1 kite shield {AC+3}
rNeg    + . .      Spirit   .   (armour currently unavailable)
rPois   ∞          Reflect  .   (helmet currently unavailable)
rElec   +          Harm     .   (cloak currently unavailable)
rCorr   +          Rampage  .   (gloves currently unavailable)
Will    ++...      NoTele   +   (boots currently unavailable)
Stlth   ++........              b - amulet of Moodiness {Regen+ Str+4}
HPRegen 1.17/turn               i - ring "Negid" {Fire Will+ Str+3}
MPRegen 0.24/turn               h - +6 ring of strength

@: confused, mighty, exhausted, tree-form, resistant, ambrosia-drunk, hasted,
studying 2 skills, heavily drained, unable to read, very quick
A: stationary, stasis, torment immunity, boosted hp, sickness immunity, AC +15,
(big wings), clumsy 1, negative energy resistance 1, (electricity resistance),
torment resistance 1, petrification resistance, inability to use devices, hated
by all, reduced AC 1, temperature sensitive, weak 1, inability to read while
threatened
}: 2/15 runes: decaying, serpentine
a: Renounce Religion, Draw Out Power, Power Leap, Apocalypse


You were in a wizard's laboratory.
You worshipped Ru.
Ru was exalted by your worship.
You were a tree.
You visited 8 branches of the dungeon, and saw 35 of its levels.
You also visited: Sewer, Ossuary and Wizlab.

You collected 3559 gold pieces.
You spent 1330 gold pieces at shops.

Inventory:

Hand Weapons
 q - the +4 trident of Omuastrez (weapon) {venom, rPois rF+ rC+ Dex+2}
   (You found it on level 3 of the Dungeon)

   It poisons the flesh of those it strikes.
   Dex:       It affects your dexterity (+2).
   rF:        It protects you from fire.
   rC:        It protects you from cold.
   rPois:     It protects you from poison.
 M - a +3 trident of flaming
 O - a +4 bardiche
Missiles
 D - 6 javelins
 G - 3 throwing nets
Armour
 a - a scarf of repulsion (melded)
 c - a +2 tower shield of reflection
 k - a +1 kite shield of protection (worn)
 s - a +2 pair of boots (melded)
 x - the +5 scale mail of the Stone Wall (melded) {Rampage rCorr SInv}
   (You found it on level 2 of the Dungeon)

   SInv:      It lets you see invisible.
   rCorr:     It protects you from acid and corrosion.
   Rampage:   It bestows one free step when moving towards enemies.
 N - a +2 helmet (melded)
 R - a +1 pair of gloves (melded)
Jewellery
 b - the amulet of Moodiness (around neck) {Regen+ Str+4}
   (You took it off an orc on level 4 of the Dungeon)

   [amulet of regeneration]

   Str:       It affects your strength (+4).
   Regen:     It increases your rate of health regeneration.
 e - an amulet of magic regeneration
 h - a +6 ring of strength (right branch)
 i - the ring "Negid" (left branch) {Fire Will+ Str+3}
   (You acquired it on level 4 of the Dungeon)

   [ring of fire]

   It enhances your fire magic.
   Str:       It affects your strength (+3).
   rF:        It protects you from fire.
   rC:        It makes you vulnerable to cold.
   Will:      It increases your willpower.
 u - a +4 ring of protection
 z - a ring of magical power
 A - the ring "Bano Ducue" {Fire Will+}
   (You found it in a wizard's laboratory)

   [ring of fire]

   It enhances your fire magic.
   rF:        It protects you from fire.
   rC:        It makes you vulnerable to cold.
   Will:      It increases your willpower.
 H - a ring of protection from cold
 J - an amulet of reflection
 K - a +6 ring of dexterity
 P - a ring of ice
 Q - a +4 ring of slaying
 V - a ring of wizardry
Scrolls
 m - 3 scrolls of enchant weapon
 n - 10 scrolls of teleportation
 o - a scroll of silence
 r - 6 scrolls of immolation
 t - 7 scrolls of fog
 w - 5 scrolls of blinking
 y - 3 scrolls of magic mapping
 E - 3 scrolls of vulnerability
 I - 5 scrolls of amnesia
 S - 5 scrolls of fear
 T - 9 scrolls of identify
Potions
 d - 6 potions of might
 f - 2 potions of magic
 g - 7 potions of attraction
 j - 5 potions of mutation
 l - 9 potions of curing
 p - 5 potions of cancellation
 v - 5 potions of brilliance
 B - 4 potions of haste
 C - 5 potions of lignification
 F - 3 potions of resistance
 L - 5 potions of berserk rage
 U - a potion of ambrosia


   Skills:
 + Level 15.3 Fighting
 + Level 4.0 Maces & Flails
 + Level 16.9 Polearms
 + Level 0.1 Throwing
 + Level 12.9 Armour
 + Level 8.4 Dodging
 + Level 10.0 Stealth
 + Level 15.5 Shields
 + Level 11.4 Spellcasting
 + Level 15.2 Translocations


You had 32 spell levels left.
You knew the following spells:

 Your Spells              Type           Power      Damage    Failure   Level
a - Manifold Assault      Tloc           39%        N/A       1%          5
b - Passage of Golubria   Tloc           39%        N/A       1%          4

Your spell library contained the following spells:

 Spells                   Type           Power      Damage    Failure   Level
 Blink                    Tloc           78%        N/A       1%          2
 Gell's Gravitas          Tloc           39%        N/A       1%          3
 Lesser Beckoning         Tloc           39%        N/A       1%          3
 Teleport Other           Tloc           39%        N/A       1%          3
 Beastly Appendage        Tmut           12%        N/A       19%         1
 Magic Dart               Conj           24%        1d4       19%         1
 Slow                     Hex            24%        N/A       19%         1
 Corpse Rot               Necr/Air       12%        N/A       28%         2
 Poisonous Vapours        Pois/Air       12%        N/A       28%         2
 Wereblood                Tmut           6%         N/A       28%         2
 Confusing Touch          Hex            6%         N/A       50%         3
 Inner Flame              Hex/Fire       9%         N/A       50%         3
 Mephitic Cloud           Conj/Pois/Air  6%         N/A       50%         3
 Spider Form              Tmut/Pois      6%         N/A       50%         3
 Vampiric Draining        Necr           6%         2d6       50%         3
 Cause Fear               Hex            3%         N/A       88%         4
 Petrify                  Tmut/Erth      6%         N/A       88%         4
 Blade Hands              Tmut           3%         N/A       99%         5
 Borgnjor's Vile Clutch   Necr/Erth      3%         N/A       99%         5
 Fireball                 Conj/Fire      4%         3d4       99%         5
 Iskenderun's Battlesphe  Conj           6%         2d6       99%         5
 Metabolic Englaciation   Hex/Ice        3%         N/A       99%         5
 Yara's Violent Unravell  Hex/Tmut       3%         3d4       99%         5
 Conjure Ball Lightning   Conj/Air       3%         3x3d6     100%        6
 Iron Shot                Conj/Erth      3%         9d2       100%        6
 Starburst                Conj/Fire      4%         6d4       100%        6
 Orb of Destruction       Conj           3%         9d5       100%        7
 Borgnjor's Revivificati  Necr           3%         N/A       100%        8
 Discord                  Hex            3%         N/A       100%        8
 Ignition                 Fire           4%         3d4       100%        8
 Necromutation            Tmut/Necr      3%         N/A       100%        8
 Death's Door             Necr           3%         N/A       100%        9
 Call Imp                 Summ           Unusable   N/A       N/A         2
 Tukima's Dance           Hex            Unusable   N/A       N/A         3
 Animate Armour           Summ/Erth      Unusable   N/A       N/A         4
 Animate Dead             Necr           Unusable   N/A       N/A         4
 Death Channel            Necr           Unusable   N/A       N/A         6
 Statue Form              Tmut/Erth      Unusable   N/A       N/A         6

Dungeon Overview and Level Annotations

Branches:
Dungeon (15/15)            Temple (1/1) D:6            Lair (6/6) D:8
  Swamp (4/4) Lair:4        Snake (4/4) Lair:3        Slime (0/5) Lair:5
    Orc (2/2) D:10            Elf (1/3) Orc:2        Vaults (2/5) D:14
 Depths (0/4) D:15          Sewer (visited)         Ossuary (visited)
 WizLab (1/1)
  Crypt: Vaults:2-3

Altars:
Ashenzari
Cheibriados
Dithmenos
Elyvilon
Fedhas
Gozag
Hepliaklqana
Kikubaaqudgha
Makhleb
Nemelex Xobeh
Okawaru
Qazlal
Ru
Sif Muna
Trog
Uskayaw
Vehumet
Wu Jian
Xom
Yredelemnul
Zin
The Shining One
Beogh

Shops:
D:8 *   D:13 :   D:15 =   Orc:2 (*?[   Snake:3 =:=[

Annotations:
Elf:1 exclusions: obsidian statue and orange crystal statue
Vaults:1 2 transporters, Faydane's ghost, veteran HuFi


Innate Abilities, Weirdness & Mutations

You are a tree.
Your roots penetrate the ground, keeping you stationary.
You cannot be teleported.
You are immune to unholy pain and torment.
Your maximum health is greatly increased.
Your equipment is partially melded.
You are immune to sickness and miasma.
((Your stone body is resilient. (AC +15)))
You are immune to poison.
((Your large and strong wings let you fly.))
You are clumsy. (Dex -2)
You resist negative energy. (rN+)
((You are resistant to electric shocks. (rElec)))
You are resistant to unholy torment.
You are immune to petrification.
You cannot study or use magical devices.
You are hated by all.
You take slightly more damage. (AC -5)
You are sensitive to extremes of temperature. (rF-, rC-)
You are weak. (Str -2)
You sometimes lose the ability to read scrolls when taking damage.


Message History

You block the peacekeeper's attack. x2
You impale the frost giant!!
The frost giant looks as sick as possible!
The frost giant is severely wounded.
The frost giant gestures at you while chanting.
The bolt of cold hits you!!!
* * * LOW HITPOINT WARNING * * *
You focus your inner power and drain the frost giant's magic in retribution!
The peacekeeper begins to attack, but is stunned by your conviction!
Really quaff the potion of lignification?
You turn into a tree.
Your scarf of repulsion melds into your body.
Your +2 helmet melds into your body.
Your +1 pair of gloves melds into your body.
Your +2 pair of boots melds into your body.
The +5 scale mail of the Stone Wall {Rampage rCorr SInv} melds into your body.
The haze of the repulsion field disappears.
Your roots penetrate the ground.
The peacekeeper begins to attack, but is stunned by your conviction!
The peacekeeper barely misses you.
The peacekeeper claws you but does no damage.
You are confused.
You feel invigorated.
The peacekeeper roars a battlecry!
The peacekeeper goes into a battle-frenzy!
The peacekeeper bites you!!
* * * LOW HITPOINT WARNING * * *
The peacekeeper claws you.
* * * LOW HITPOINT WARNING * * *
The frost giant falters for a moment.
The crystal guardian begins to attack, but is stunned by your conviction!
You feel very mighty all of a sudden.
The peacekeeper is stunned by your conviction and fails to attack.
You cannot move. (Use ctrl+direction or * direction to attack without moving.)
You closely miss the frost giant.
The frost giant is almost dead.
The peacekeeper bites you.
* * * LOW HITPOINT WARNING * * *
The peacekeeper claws you!
You die...

#.∩8∩.# #.....# ##...##
###### # ###'### #.... ..
###.....## #... ..
####8......8## #..# .#
..##....8....########..#..#..
8..#.........#...99.#........
...'.8..8..8.)..♣9)E)).......
8..#........)#...CE.#..######
..##....8....########.....
#####8.....8## #.......
##.....## #..#..#.. ###'###
#..#..# . ##.....## #... ...
##...)...## #... ...
##.........##


You could see a frost giant (extremely poisoned, magic disrupted), a crystal
guardian (strong), 2 earth elementals and 2 peacekeepers.

Vanquished Creatures
  2 tentacled monstrosities (Swamp:4)
  Rupert (D:14)
  Gastronok (Lair:1)
  2 sphinxes
  Frances (Snake:1)
  5 nagarajas (Snake:4)
  5 fenstrider witches
  2 fire giants (WizLab)
  3 deep elf sorcerers
  4 vault wardens (Vaults:1)
  An orc warlord (Vaults:1)
  Aizul (Orc:2)
  A frost giant (Vaults:1)
  3 ghouls (Swamp:4)
  4 ironbound preservers
  2 war gargoyles (WizLab)
  2 ironbound thunderhulks (Vaults:1)
  A reaper (Swamp:4)
  3 eleionomae
  A deep elf annihilator (Vaults:1)
  6 bunyips
  4 dire elephants (Vaults:1)
  2 spark wasps (Swamp:3)
  A blizzard demon (Swamp:4)
  2 ettins
  Snorg (D:11)
  Josephine (D:10)
  2 deep elf death magi (Elf:1)
  2 shambling mangroves (Swamp:4)
  6 boulder beetles
  Fannar (Lair:1)
  17 naga warriors
  8 vault guards
  A great orb of eyes (Vaults:2)
  15 hydras
  2 ghost crabs
  8 centaur warriors (Vaults:1)
  A peacekeeper (WizLab)
  An ogre mage (Swamp:4)
  3 salamander tyrants
  6 anacondas
  3 catoblepae
  10 dancing weapons (Elf:1)
  16 death yaks
  4 alligators
  8 two-headed ogres
  8 naga sharpshooters
  10 shock serpents
  2 soul eaters (Swamp:4)
  A spriggan berserker (Swamp:4)
  3 orc high priests (Orc:2)
  Urug (Lair:1)
  4 deep elf knights (Elf:1)
  5 skeletal warriors
  3 salamander mystics
  8 goliath frogs
  A death drake (Swamp:4)
  12 deep trolls
  12 sea snakes
  A flayed ghost (Vaults:1)
  6 naga ritualists
  5 swamp dragons
  7 spriggan druids
  2 bog bodies (Swamp:2)
  A deep elf archer (Elf:1)
  10 wizards
  2 lindwurms (Vaults:1)
  13 deep elf zephyrmancers
  7 orc knights
  2 ironbound convokers (Vaults:1)
  3 necromancers
  17 deep elf pyromancers
  11 mana vipers
  8 orc sorcerers
  An oklob plant (Lair:6)
  A cyclops (D:13)
  35 ugly things
  5 manticores
  8 will-o-the-wisps
  24 elephants
  34 black mambas
  13 salamanders
  23 naga magi
  11 guardian serpents
  4 vault sentinels (Vaults:1)
  Joseph (D:7)
  3 molten gargoyles
  An orange demon (Swamp:4)
  9 cane toads
  2 unseen horrors (D:11)
  3 gargoyles
  3 rime drakes
  2 efreet (D:14)
  8 yaktaurs
  9 komodo dragons
  2 trolls
  A yaktaur skeleton (Vaults:1)
  A bloated husk (Swamp:2)
  A hellwing (Swamp:4)
  8 tyrant leeches
  7 hornets
  A polar bear (Lair:4)
  7 dream sheep (Lair:6)
  13 slime creatures
  8 blink frogs
  A meliai zombie (D:11)
  7 spriggans
  6 wraiths
  6 wyverns
  3 water elementals
  3 fire elementals
  2 vampires
  52 yaks
  3 basilisks
  2 chaos spawn (Swamp:4)
  2 neqoxecs (Swamp:4)
  5 vampire mosquitoes
  A warg (D:15)
  8 swamp worms
  60 nagas
  An acid dragon (D:12)
  10 water moccasins
  21 orc warriors
  Pargi (Sewer)
  An ettin simulacrum (Vaults:1)
  3 ice beasts
  2 sky beasts
  A human zombie (Vaults:1)
  A black bear (D:7)
  8 ogres
  2 boggarts (Elf:1)
  48 wolves
  An ogre (shapeshifter) (D:14)
  2 necrophages
  A centaur (D:10)
  5 kobold brigands
  An elf zombie (Ossuary)
  A wyvern zombie (D:9)
  11 bullfrogs
  2 earth elementals (WizLab)
  2 gnoll sergeants
  2 scorpions
  2 water moccasin skeletons (D:5)
  5 killer bees (D:10)
  4 wights (D:6)
  A howler monkey (D:4)
  8 electric eels
  4 jellies
  A bullfrog zombie (D:5)
  4 centaur zombies (D:9)
  A human simulacrum (Vaults:1)
  A centaur skeleton (D:4)
  9 hounds
  18 orc priests
  Ijyb (D:4)
  2 iguanas (D:5)
  4 hell rats (Lair:2)
  19 orc wizards
  A killer bee zombie (D:7)
  A hound zombie (Ossuary)
  5 mummies
  10 adders
  16 gnolls
  2 howler monkey skeletons (D:7)
  2 shadow imps
  2 white imps
  3 adder skeletons (D:4)
  3 worms
  68 orcs
  4 endoplasms
  14 giant cockroaches
  12 goblins
  4 hobgoblins
  5 jackals
  4 quokkas
  6 ball pythons
  5 bats
  18 frilled lizards
  2 gnoll zombies (Ossuary)
  2 goblin zombies (Ossuary)
  A hobgoblin zombie (D:7)
  2 jackal zombies (Ossuary)
  31 kobolds
  3 orc zombies
  10 rats
  2 rat zombies (Ossuary)
1200 creatures vanquished.

Vanquished Creatures (others)
  A tentacled monstrosity (Swamp:4)
  A frost giant (WizLab)
  A vault warden (Vaults:2)
  A stone giant (Vaults:1)
  An eleionoma (Swamp:3)
  A dire elephant (Vaults:1)
  2 bunyips
  3 hydras
  3 naga warriors
  2 catoblepae (Lair:6)
  2 anacondas
  A tengu warrior (D:15)
  An alligator (Swamp:3)
  2 dancing weapons (Elf:1)
  A naga sharpshooter (Snake:4)
  A spriggan druid (Swamp:4)
  A deep troll (Vaults:1)
  A swamp dragon (Swamp:4)
  A lindwurm (Vaults:1)
  An orc knight (Vaults:1)
  A deep elf zephyrmancer (Elf:1)
  A deep elf pyromancer (Elf:1)
  A salamander (Snake:3)
  2 manticores
  An elephant (Lair:4)
  7 black mambas
  A guardian serpent (Snake:3)
  A molten gargoyle (WizLab)
  A gargoyle (D:12)
  A yaktaur (Vaults:1)
  A bloated husk (Swamp:1)
  A polar bear (Lair:6)
  A tyrant leech (Swamp:1)
  A slime creature (D:13)
  5 yaks
  3 nagas
  2 swamp worms (Swamp:4)
  An orc warrior (D:15)
  A killer bee (D:10)
  A hell rat (Lair:2)
  An orc (D:10)
  20 foxfires
  27 fungi
  82 plants
192 creatures vanquished.

Grand Total: 1392 creatures vanquished

Notes
Turn   | Place    | Note
-------+----------+-------------------------------------------
     0 | D:1      | Plasmagod the Gargoyle Fighter began the quest for the Orb.
     0 | D:1      | Reached XP level 1. HP: 14/14 MP: 1/1
    92 | D:1      | Reached XP level 2. HP: 19/19 MP: 2/2
   565 | D:1      | Reached XP level 3. HP: 23/23 MP: 3/3
   890 | D:2      | Found an iron altar of Okawaru.
   945 | D:2      | You fall into a shaft and drop 2 floors!
   962 | D:4      | Noticed a necrophage
  1066 | D:5      | Entered Level 5 of the Dungeon
  1245 | D:5      | Reached XP level 4. HP: 23/29 MP: 4/4
  1512 | D:5      | Reached XP level 5. HP: 12/33 MP: 5/5
  1515 | D:5      | HP: 1/33 [acid (2)]
  1967 | D:5      | Noticed a necrophage
  2184 | D:3      | Identified the +4 trident of Omuastrez {venom, rPois rF+
                  | rC+ Dex+2}
  2287 | D:3      | Reached skill level 1 in Dodging
  2298 | D:3      | Reached XP level 6. HP: 9/38 MP: 6/6
  2986 | D:2      | Reached skill level 1 in Polearms
  3378 | D:2      | Identified the +5 scale mail of the Stone Wall {Rampage
                  | rCorr SInv}
  3686 | D:4      | Identified the amulet of Moodiness {Regen+ Str+4}
  3700 | D:4      | Reached XP level 7. HP: 34/43 MP: 7/7
  3880 | D:4      | Reached skill level 2 in Polearms
  3975 | D:4      | Noticed Ijyb
  3994 | D:4      | Killed Ijyb
  3995 | D:4      | Reached skill level 3 in Polearms
  3995 | D:4      | Reached skill level 5 in Armour
  4484 | D:4      | Identified a scroll of acquirement
  4484 | D:4      | Acquired the ring "Negid" {Fire Will+ Str+3}
  4513 | D:5      | Reached skill level 4 in Polearms
  4513 | D:5      | Reached XP level 8. HP: 48/48 MP: 8/8
  4603 | D:5      | Reached skill level 5 in Polearms
  4676 | D:5      | Reached skill level 5 in Shields
  4987 | D:5      | Found a blossoming altar of Fedhas.
  4987 | D:5      | Found a broken altar of Ashenzari.
  5188 | D:6      | Reached skill level 5 in Fighting
  5208 | D:6      | Found a glowing drain.
  5236 | Sewer    | Entered a sewer
  5279 | Sewer    | Noticed Pargi
  5292 | Sewer    | Killed Pargi
  5293 | Sewer    | Reached skill level 6 in Polearms
  5293 | Sewer    | Reached XP level 9. HP: 54/54 MP: 9/9
  5573 | D:6      | Found a staircase to the Ecumenical Temple.
  5608 | Temple   | Entered the Ecumenical Temple
  5779 | Temple   | Became a worshipper of Ru the Awakened
  5996 | D:6      | Found a shadowy altar of Dithmenos.
  6160 | D:7      | Found a burning altar of Makhleb.
  6166 | D:7      | Reached skill level 1 in Stealth
  6219 | D:7      | Reached skill level 7 in Polearms
  6241 | D:7      | Noticed Joseph
  6260 | D:7      | Killed Joseph
  6270 | D:7      | Found a sand-covered staircase.
  6277 | Ossuary  | Entered an ossuary
  6477 | D:7      | Reached XP level 10. HP: 61/61 MP: 10/10
  6525 | D:7      | Reached skill level 8 in Polearms
  6529 | D:7      | Reached skill level 1 in Spellcasting
  6529 | D:7      | Reached skill level 1 in Translocations
  6632 | D:7      | Gained mutation: You cannot study or use magical devices.
                  | [Ru sacrifice]
  6632 | D:7      | Reached * piety under Ru
  6632 | D:7      | Reached ** piety under Ru
  7283 | D:8      | Noticed a five-headed hydra
  7320 | D:8      | Killed a five-headed hydra
  7624 | D:8      | Found Gosal's Fire Supplies.
  7711 | D:8      | Found a staircase to the Lair.
  7836 | D:8      | Found an iron altar of Okawaru.
  8020 | D:9      | Found a shimmering blue altar of Sif Muna.
  8145 | D:9      | Reached skill level 9 in Polearms
  8152 | D:9      | Reached XP level 11. HP: 54/67 MP: 14/14
  8431 | D:9      | Found an ancient bone altar of Kikubaaqudgha.
  8454 | D:9      | Gained mutation: You are sensitive to extremes of
                  | temperature. (rF-, rC-) [Ru sacrifice]
  8454 | D:9      | Reached *** piety under Ru
  8454 | D:9      | Reached **** piety under Ru
  8721 | D:10     | Entered Level 10 of the Dungeon
  9145 | D:10     | Noticed Josephine
  9183 | D:10     | Killed Josephine
  9317 | D:10     | Found a staircase to the Orcish Mines.
  9629 | D:11     | Noticed a two-headed ogre
  9646 | D:11     | Killed a two-headed ogre
  9695 | D:11     | Noticed a manticore
  9712 | D:11     | Killed a manticore
  9855 | D:11     | Gained mutation: You take slightly more damage. (AC -5) [Ru
                  | sacrifice]
  9855 | D:11     | Reached ***** piety under Ru
 10008 | D:11     | Noticed a two-headed ogre
 10018 | D:11     | Killed a two-headed ogre
 10126 | D:11     | Noticed Snorg
 10138 | D:11     | Killed Snorg
 10139 | D:11     | Reached skill level 10 in Polearms
 10244 | D:11     | Noticed a two-headed ogre
 10252 | D:11     | Killed a two-headed ogre
 10253 | D:11     | Reached XP level 12. HP: 75/75 MP: 18/18
 10362 | D:11     | Noticed a two-headed ogre
 10377 | D:11     | Killed a two-headed ogre
 10736 | D:12     | Noticed a two-headed ogre
 10749 | D:12     | Killed a two-headed ogre
 10850 | D:12     | Noticed a two-headed ogre
 10864 | D:12     | Killed a two-headed ogre
 10865 | D:12     | Reached skill level 5 in Translocations
 11002 | D:12     | Noticed a two-headed ogre
 11020 | D:12     | Killed a two-headed ogre
 11133 | D:12     | Noticed a two-headed ogre
 11137 | D:12     | Reached skill level 5 in Spellcasting
 11148 | D:12     | Killed a two-headed ogre
 11399 | D:13     | Found Mirozaf's Book Shop.
 11523 | D:13     | Noticed a catoblepas
 11537 | D:13     | Killed a catoblepas
 11630 | D:13     | Noticed a four-headed hydra
 11646 | D:13     | Killed a four-headed hydra
 11849 | D:13     | Noticed a seven-headed hydra
 11865 | D:13     | Killed a seven-headed hydra
 11866 | D:13     | Reached skill level 11 in Polearms
 11911 | D:13     | Gained mutation: You are clumsy. (Dex -2) [Ru sacrifice]
 11963 | D:13     | Found a faded altar of an unknown god.
 11963 | D:13     | Found a hazy altar of Hepliaklqana.
 12116 | D:13     | Reached XP level 13. HP: 53/77 MP: 21/21
 12812 | D:14     | Noticed a vault guard
 12812 | D:14     | Noticed a vault guard
 12812 | D:14     | Noticed a vault guard
 12813 | D:14     | Noticed a vault guard
 12820 | D:14     | Noticed a vault guard
 12830 | D:13     | Killed a vault guard
 12872 | D:13     | Killed a vault guard
 12895 | D:14     | Noticed a vault guard
 12908 | D:13     | Killed a vault guard
 12909 | D:13     | Reached skill level 10 in Armour
 12946 | D:14     | Noticed a vault guard
 12956 | D:13     | Killed a vault guard
 12957 | D:13     | Reached skill level 5 in Dodging
 12957 | D:13     | Reached skill level 5 in Stealth
 12966 | D:13     | Killed a vault guard
 12982 | D:14     | Noticed a vault guard
 13000 | D:13     | Killed a vault guard
 13014 | D:14     | Killed a vault guard
 13023 | D:14     | Killed a vault guard
 13083 | D:14     | Learned a level 5 spell: Manifold Assault
 13085 | D:14     | Found a gate to the Vaults.
 13365 | D:14     | Noticed Rupert
 13511 | Lair:1   | Entered Level 1 of the Lair of Beasts
 13731 | Lair:1   | Noticed Fannar
 13779 | Lair:1   | Killed Fannar
 13785 | Lair:1   | Noticed Urug
 13799 | Lair:1   | Killed Urug
 13832 | Lair:1   | Identified the +0 robe "Zoratyly" {MP+9 Int+2 SInv}
 13964 | Lair:1   | Gained mutation: Your large and strong wings let you fly.
                  | [Gargoyle growth]
 13964 | Lair:1   | Reached XP level 14. HP: 45/84 MP: 24/24
 14035 | Lair:1   | Gained mutation: You are hated by all. [Ru sacrifice]
 14035 | Lair:1   | Reached ****** piety under Ru
 14040 | Lair:1   | Noticed Gastronok
 14073 | Lair:1   | Killed Gastronok
 14234 | Lair:1   | Reached skill level 12 in Polearms
 14671 | Lair:2   | Reached skill level 10 in Fighting
 15107 | Lair:2   | Reached skill level 10 in Shields
 15742 | Lair:3   | Found a staircase to the Snake Pit.
 16385 | Lair:4   | Found a staircase to the Swamp.
 17327 | Lair:5   | Found a staircase to the Slime Pits.
 17968 | Lair:6   | Entered Level 6 of the Lair of Beasts
 18035 | Lair:5   | Reached XP level 15. HP: 19/93 MP: 27/27
 18813 | Lair:6   | Reached skill level 13 in Polearms
 19525 | Lair:6   | Identified the +1 plate armour of the Ten Queens {rC- rN+
                  | SInv}
 19846 | Orc:1    | Entered Level 1 of the Orcish Mines
 20159 | Orc:2    | Entered Level 2 of the Orcish Mines
 20435 | Orc:2    | Found a staircase to the Elven Halls.
 20817 | Orc:2    | Found Guecym's Armour Emporium.
 20817 | Orc:2    | Found Peskayp's Antique Weapon Emporium.
 20818 | Orc:2    | Found Pytz's Magic Scroll Boutique.
 20818 | Orc:2    | Found Qeneept's General Store.
 20894 | Orc:2    | Bought a scroll of silence for 90 gold pieces
 20960 | Elf:1    | Entered Level 1 of the Elven Halls
 20962 | Elf:1    | Noticed Aizul
 20999 | Orc:2    | Killed Aizul
 21027 | Orc:2    | Reached XP level 16. HP: 40/90 MP: 28/28
 21452 | Elf:1    | Reached skill level 10 in Translocations
 22395 | Elf:1    | Reached skill level 14 in Polearms
 22652 | Elf:1    | Gained mutation: You are weak. (Str -2) [a neqoxec]
 23173 | D:14     | Killed Rupert
 24477 | D:15     | Entered Level 15 of the Dungeon
 24686 | D:15     | Found Tuuqogg's Jewellery Emporium.
 25331 | D:15     | Found a staircase to the Depths.
 25381 | D:15     | Reached XP level 17. HP: 101/107 MP: 30/30
 25792 | Snake:1  | Entered Level 1 of the Snake Pit
 25829 | Snake:1  | Noticed Frances
 25850 | Snake:1  | Killed Frances
 27294 | Snake:1  | Learned a level 4 spell: Passage of Golubria
 30444 | Snake:3  | Reached XP level 18. HP: 114/114 MP: 31/31
 31185 | Snake:3  | Found Neph's Antique Armour Boutique.
 31194 | Snake:3  | Bought a runed kite shield for 120 gold pieces
 31447 | Snake:3  | Found Peilieb's Jewellery Shoppe.
 31448 | Snake:3  | Found Vumnaykh's Book Boutique.
 31449 | Snake:3  | Found Omisyug's Jewellery Shoppe.
 31457 | Snake:3  | Bought a manual of Polearms for 1120 gold pieces
 31537 | Snake:4  | Entered Level 4 of the Snake Pit
 31921 | Snake:4  | Reached skill level 10 in Spellcasting
 32025 | Snake:4  | Identified the +1 scale mail of Noughts and Crosses
                  | {Rampage Fly}
 32551 | Snake:4  | Reached skill level 15 in Polearms
 32591 | Snake:4  | Got a serpentine rune of Zot
 32889 | Swamp:1  | Entered Level 1 of the Swamp
 35078 | Swamp:3  | Reached XP level 19. HP: 118/121 MP: 8/33
 35952 | Swamp:4  | Entered Level 4 of the Swamp
 35995 | Swamp:4  | Noticed a tentacled monstrosity
 36021 | Swamp:4  | Killed a tentacled monstrosity
 36116 | Swamp:4  | Noticed a tentacled monstrosity
 36846 | Swamp:4  | Gained mutation: You sometimes lose the ability to read
                  | scrolls when taking damage. [a neqoxec]
 36986 | Swamp:4  | Got a decaying rune of Zot
 37036 | Swamp:4  | Noticed a tentacled monstrosity
 37061 | Swamp:4  | Killed a tentacled monstrosity
 37421 | Swamp:4  | Killed a tentacled monstrosity
 37852 | Vaults:1 | Entered Level 1 of the Vaults
 38381 | Vaults:1 | Reached skill level 16 in Polearms
 38470 | Vaults:1 | Reached skill level 15 in Shields
 38893 | Vaults:1 | Reached XP level 20. HP: 128/128 MP: 20/35
 39281 | Vaults:1 | Reached skill level 15 in Fighting
 39425 | Vaults:1 | Reached skill level 15 in Translocations
 39612 | Vaults:1 | Found a transporter.
 39614 | Vaults:1 | Noticed Faydane's ghost (veteran HuFi)
 39643 | Vaults:1 | Found a transporter.
 40115 | Vaults:2 | Found a magical portal.
 40128 | WizLab   | Entered Maxwell's Workshop
 40318 | WizLab   | Reached skill level 10 in Stealth
 40334 | WizLab   | Identified the ring "Bano Ducue" {Fire Will+}
 40476 | WizLab   | HP: 8/165 [peacekeeper (27)]
 40478 | WizLab   | Mangled by a peacekeeper

Illustrated notes

Levels and vault maps discovered:
D:1:      nicolae_arrival_memento_mori, layout_basic,
          chequers_serial_rivers_micro_d, minmay_vboxes
D:2:      layout_basic, basic_altar
D:3:      minmay_roachtagon, layout_basic, minmay_lizard_king
D:4:      minmay_door_path, layout_loops_corners, kennysheep_another_room,
          uniq_ijyb
D:5:      layout_basic, jmf_multi_god_temple
D:6:      layout_basic, mainiacjoe_overflow_alcove_4, minmay_temple_entry_tees,
          cheibrodos_sewer_entry_drain
D:7:      layout_basic, mainiacjoe_overflow_catwalk, nicolae_ossuary_entry_giza,
          uniq_joseph
D:8:      layout_rooms, kennysheep_mini_moat, david_lair_shrubbed,
          minmay_misc_feat_secret_circle, nrook_mini_backslash,
          eino_small_chamber_without_monster, nicolae_shop_fire_sale
          [nicolae_sub_dead_trees], chequers_serial_rivers_large_b
D:9:      layout_irregular_city, old_standard_altar,
          mainiacjoe_overflow_tiny_flanked, minivault_11
D:10:     layout_stronghold, hiddenorc1_lemuel, uniq_josephine
D:11:     layout_layer_cave, uniq_snorg
D:12:     layout_cave_pools
D:13:     layout_irregular_city, serial_shops, shop,
          beargit_hepliaklqana_dungeon_heroes
D:14:     layout_layer_cave, erik_vaults_2, minmay_crystal_room,
          kennysheep_generic_room_7, uniq_rupert
D:15:     hangedman_depths_entry_civil_slaughter, layout_basic,
          minmay_misc_feat_chi, serial_shops, shop
Temple:   regret_index_temple_waves
Lair:1:   layout_regular_city, grunt_forest_large_clearings, uniq_fannar,
          uniq_urug, uniq_gastronok
Lair:2:   layout_loops_ring, disabler_island, lemuel_fruit_tree
Lair:3:   layout_loops_ring, guppyfry_snake_entry_garden
Lair:4:   layout_hall_layers, minmay_swamp_entry_wisps
Lair:5:   layout_hall_layers, minmay_slime_entry_pillars
Lair:6:   evilmike_catoblepas_cave, layout_cave_pods, dpeg_oklob_1,
          grunt_megastairs_4
Swamp:1:  layout_falls_marsh, evilmike_swamp_ruin_house_1,
          infiniplex_staircase_pool_2
Swamp:2:  layout_basic_swamp, nicolae_swamp_treefoil, swamp_pool3,
          statue_in_the_mist_lemuel, nicolae_swamp_stuck_in_the_mud
Swamp:3:  layout_basic_swamp, evilmike_swamp_ruin_house_6,
          nicolae_swamp_catching_bugs
Swamp:4:  nzn_swamp_witches_coven, layout_basic_swamp, infiniplex_staircase_pool
Snake:1:  cheibrodos_snake_ritualist_ritual, layout_chambers, library_closet,
          grunt_megastairs_3, uniq_frances
Snake:2:  layout_layer_cave
Snake:3:  nicolae_snakescales, layout_onion, serial_shops, shop_fountains,
          serial_bayou_lake_a, minmay_shop_grove
Snake:4:  grunt_snake_rune_pools, layout_rooms
Orc:1:    layout_caves, mines2_david
Orc:2:    st_orc_elflike, layout_caves
Elf:1:    elf_arrival_002, layout_loops_cross, hangedman_elf_disciples,
          david_greed, grunt_megastairs_1, lemuel_upstairs_altar, uniq_aizul
Vaults:1: gammafunk_ghost_mausoleum, v_misc_25, nicolae_vaults_hallways_thing,
          st_hourglassy, nicolae_vaults_little_squares_1, vaults_dpeg_ring,
          nicolae_vaults_big_ls, nicolae_vaults_little_squares_1,
          vaults_room_door_hall, v_pattern_1, nicolae_vaults_border_crossing,
          layout_vaults_omnibox
Vaults:2: mu_enter_wizlab_6, vaults_room_large_hall, v_misc_18, v_misc_28,
          v_misc_9, v_misc_23, v_misc_19, grunt_vaults_funnel,
          hangedman_vaults_stagger, hangedman_vaults_slither,
          vaults_dpeg_diagonal, layout_vaults_maze_bifur
WizLab:   wizlab_maxwell

Skill      XL: |  1  2  3  4  5  6  7  8  9 10 11 12 13 14 15 16 17 18 19 20 |
---------------+-------------------------------------------------------------+-----
Armour         | 4 5 6 7 8 9 10 11 12 | 12.9
Fighting       | 4 5 6 7 8 9 10 11 12 13 14 15 | 15.3
Maces & Flails | 3 4 |  4.0
Dodging        | 1 2 3 4 5 6 7 8 |  8.4
Shields        | 4 5 6 7 9 11 12 13 14 15 | 15.5
Polearms       | 1 4 6 7 9 10 11 12 13 14 15 16 | 16.9
Stealth        | 1 4 5 6 7 8 9 10 | 10.0
Spellcasting   | 2 4 5 7 8 9 10 11 | 11.4
Translocations | 2 4 5 7 8 9 11 12 13 14 15 | 15.2
Throwing       | |  0.1

Action                   |  1- 3 |  4- 6 |  7- 9 | 10-12 | 13-15 | 16-18 | 19-21 || total
-------------------------+-------+-------+-------+-------+-------+-------+-------++-------
Melee: Flail             |    92 |    85 |       |       |       |       |       ||   177
       Trident           |       |   113 |   368 |   638 |  1581 |  2599 |  1440 ||  6739
       Bardiche          |       |       |       |       |    63 |       |       ||    63
Throw: Javelin           |       |       |     2 |       |     1 |       |       ||     3
 Cast: Manifold Assault  |       |       |       |       |     4 |   143 |    64 ||   211
       Passage of Golubr |       |       |       |       |       |     2 |       ||     2
Invok: Sacrifice Artific |       |       |       |     1 |       |       |       ||     1
       Sacrifice Health  |       |       |       |     1 |       |       |       ||     1
       Sacrifice Resista |       |       |       |     1 |       |       |       ||     1
       Draw Out Power    |       |       |       |     3 |     9 |    10 |     6 ||    28
       Apocalypse        |       |       |       |     1 |     1 |     1 |     3 ||     6
       Sacrifice Purity  |       |       |       |     1 |       |       |       ||     1
       Sacrifice Love    |       |       |       |       |     1 |       |       ||     1
       Power Leap        |       |       |       |       |       |     2 |     2 ||     4
  Use: Scroll            |       |     9 |     9 |     3 |     8 |     9 |     1 ||    39
       Potion            |       |       |       |     1 |     2 |     4 |     7 ||    14
 Stab: Distracted        |       |       |       |     2 |     6 |    10 |    10 ||    28
       Paralysed         |       |       |       |    11 |    17 |    17 |    10 ||    55
       Invisible         |       |       |       |     3 |    13 |    17 |    11 ||    44
       Petrified         |       |       |       |       |     7 |       |       ||     7
       Sleeping          |       |       |       |       |     1 |    15 |     5 ||    21
Armor: Scale mail        |    45 |   110 |   197 |   289 |   788 |   619 |   392 ||  2440
       Skin              |       |       |       |       |       |       |     1 ||     1
Dodge: Dodged            |    53 |    91 |   199 |   266 |   551 |   550 |   303 ||  2013
       Repelled          |       |       |       |     7 |     6 |    59 |     7 ||    79
Block: Buckler           |     8 |    49 |   111 |   146 |       |   386 |       ||   700
       Tower shield      |       |       |       |    15 |  1391 |       |       ||  1406
       Reflection        |       |       |       |       |     6 |       |       ||     6
       Kite shield       |       |       |       |       |       |   308 |   473 ||   781
